AoeStats
← lemortelier

MegaRandom

504339206Analyzed
3v3 RM · 28d ago on Sep 4, 2026· 66m 55s· 6 players
Game mode
Random Map
Map size
Normal (6 player)
Population
200
Speed
Normal
Resources
Standard
Victory
Conquest
Starting age
Dark Age
Ending age
Imperial Age
RankedLock teamsTeams togetherTeam positionsShared explorationLock speedFull tech treeHidden civsTurbo modeCheats
Victory
Defeat
🇺🇸 Bulgarians · United States
627
+17
🇧🇪 Lithuanians · Belgium
604
+18
🇧🇷 Franks · Brazil
563
+19
🇪🇸 Turks · Spain
676
-19
🇪🇸 Byzantines · Spain
646
-18
🇪🇸 Magyars · Spain
627
-17
Babymunch x
13:46 Feudal Age
14:37 Loom
18:19 Double-Bit Axe
22:00 Castle Age
21:33 Forging
21:29 Scale Barding Armor
24:28 Iron Casting
24:13 Chain Barding Armor
27:33 Horse Collar
34:20 Heavy Plow
36:20 Bow Saw
38:01 Stirrups
39:01 Caravan
40:55 Murder Holes
45:07 Imperial Age
46:26 Wheelbarrow
46:56 Elite Konnik
49:42 Hand Cart
53:01 Chemistry
54:02 Bagains
57:25 Blast Furnace
57:00 Plate Barding Armor
57:22 Heavy Cavalry Archer
58:40 Parthian Tactics
59:30 Ballistics
59:13 Fletching
59:24 Padded Archer Armor
60:22 Conscription
60:19 Gold Mining
60:22 Stone Mining
63:08 Elite Skirmisher
Blitzkrieg BOB
8:06 Loom
10:32 Feudal Age
12:20 Wheelbarrow
13:26 Forging
13:22 Scale Barding Armor
13:20 Gold Mining
16:04 Bloodlines
16:19 Double-Bit Axe
21:42 Castle Age
22:01 Bloodlines
22:28 Husbandry
21:49 Light Cavalry
24:15 Hand Cart
30:00 Iron Casting
29:28 Horse Collar
31:47 Bow Saw
37:22 Chain Barding Armor
37:47 Stone Mining
40:00 Heavy Plow
43:34 Man-at-Arms
50:01 Pikeman
52:10 Town Watch
53:40 Fletching
57:03 Caravan
57:59 Town Patrol
59:39 Ballistics
62:23 Bodkin Arrow
62:44 Masonry
66:14 Imperial Age
67:25 Conscription
[MCC] Bacteria-Am
lemortelier
12:51 Feudal Age
15:22 Horse Collar
15:31 Double-Bit Axe
20:30 Castle Age
20:09 Bloodlines
21:48 Heavy Plow
25:23 Scale Barding Armor
27:35 Wheelbarrow
28:02 Gold Mining
29:39 Pikeman
31:58 Husbandry
40:38 Scale Mail Armor
42:11 Loom
42:40 Man-at-Arms
60:47 Stone Mining
60:26 Long Swordsman
ipsofacto13
4:00 Loom
9:48 Feudal Age
11:06 Double-Bit Axe
11:07 Horse Collar
12:59 Wheelbarrow
21:02 Castle Age
20:00 Fletching
20:42 Scale Mail Armor
20:54 Forging
24:16 Town Watch
30:43 Bloodlines
32:37 Scale Barding Armor
54:37 Padded Archer Armor
58:39 Imperial Age
58:19 Coinage
60:37 Banking
61:03 Elite Janissary
carloscabo97
8:24 Loom
10:39 Feudal Age
11:30 Double-Bit Axe
12:55 Gold Mining
15:58 Wheelbarrow
15:14 Horse Collar
16:18 Forging
24:39 Castle Age
22:39 Stone Mining
23:31 Scale Barding Armor
26:58 Hand Cart
27:20 Husbandry
33:40 Gold Shaft Mining
36:06 Pikeman
36:47 Squires
37:16 Chain Barding Armor
37:00 Scale Mail Armor
37:40 Iron Casting
40:22 Bow Saw
41:45 Chain Mail Armor
47:33 Caravan
Connection lost

Rejoining the realm…

Still unreachable

The connection could not be restored.

Session expired

The server has moved on; the page needs a fresh start.